 Dungeon Crawl Stone Soup version 0.31-a0-1074-g0b22e4e0f1 (webtiles) character file.

Game seed: 10239221928044616618

2638 IdlyInterested the Slicer (level 9, -3/63 HPs)
             Began as a Demonspawn Gladiator on Dec 7, 2023.
             Slain by an orc warrior
             ... wielding a +1 flail of holy wrath
              (10 damage)
             ... on level 7 of the Dungeon.
             The game lasted 00:17:50 (6464 turns).

IdlyInterested the Slicer (Demonspawn Gladiator)    Turns: 6464, Time: 00:17:52

Health: -3/63      AC: 12    Str: 16    XL:     9   Next: 35%
Magic:  9/9        EV: 14    Int: 10    God:
Gold:   166        SH:  0    Dex: 23    Spells: 8/8 levels left

rFire   + . .        f - +5 short sword
rCold   . . .        (no shield)
rNeg    . . .        z - +5 ring mail of the Sea {Will+ SInv}
rPois   .            m - +1 hat
rElec   .            y - +0 cloak of the Tick {rF+ Regen+}
rCorr   .            (no gloves)
SInv    +            (no boots)
Will    +....        (no amulet)
Stlth   ++           e - +6 ring of dexterity
HPRegen 1.10/turn    (no ring)
MPRegen 0.11/turn

%: no passive effects
@: mighty, hasted, very quick
A: repulsion field 1, foul stench 1, powered by pain 1, demonic touch 1
a: no special abilities


You were on level 7 of the Dungeon.
You visited 2 branches of the dungeon, and saw 8 of its levels.

You collected 179 gold pieces.
You spent 13 gold pieces at shops.

Inventory:

Hand Weapons
 f - a +5 short sword (weapon)
 p - a +1 dagger of venom
 q - a +0 vampiric short sword
 u - a +5 dagger
Missiles
 c - 3 throwing nets
 d - a javelin
 g - 40 stones (quivered)
 k - 11 boomerangs
 n - 5 poisoned darts
Armour
 a - a +0 helmet
 b - a +0 helmet
 m - a +1 hat (worn)
 v - a +0 leather armour of fire resistance
 y - the +0 cloak of the Tick (worn) {rF+ Regen+}
   (You found it on level 6 of the Dungeon)

   rF+:       It protects you from fire.
   Regen+:    It increases your rate of health regeneration.
 z - the +5 ring mail of the Sea (worn) {Will+ SInv}
   (You found it on level 6 of the Dungeon)

   Will+:     It increases your willpower.
   SInv:      It lets you see invisible.
Jewellery
 e - a +6 ring of dexterity (left hand)
Scrolls
 i - 3 scrolls of teleportation
 l - 4 scrolls of vulnerability
 o - a scroll of enchant weapon
 r - a scroll of noise
 s - a scroll of blinking
Potions
 j - a potion of ambrosia {unknown}
 w - a potion of haste


   Skills:
 - Level 3.0 Fighting
 * Level 8.6 Short Blades
 - Level 2.0 Throwing
 + Level 1.4 Armour
 - Level 3.0 Dodging
 - Level 1.0 Stealth
 + Level 6.6 Unarmed Combat
 - Level 1.0 Evocations
 - Level 3.0 Shapeshifting


You had 8 spell levels left.
You didn't know any spells.
Your spell library contained the following spells:

 Spells                   Type           Power      Damage    Failure   Level
 Apportation              Tloc           0%         N/A       56%         1
 Necrotise                Necr           0%         1d4       56%         1
 Summon Small Mammal      Summ           0%         N/A       56%         1
 Blink                    Tloc           0%         N/A       71%         2
 Call Canine Familiar     Summ           0%         N/A       91%         3
 Summon Guardian Golem    Hex/Summ       0%         N/A       91%         3
 Brom's Barrelling Bould  Conj/Erth      0%         2d3       100%        4
 Manifold Assault         Tloc           0%         N/A       100%        4
 Fireball                 Conj/Fire      0%         3d3       100%        5
 Iskenderun's Battlesphe  Conj           0%         2d6       100%        5
 Conjure Ball Lightning   Conj/Air       0%         3x3d6     100%        6
 Orb of Destruction       Conj           0%         9d5       100%        7


Dungeon Overview and Level Annotations

Branches:
Dungeon (7/15)             Temple (1/1) D:4

Altars:
Ashenzari
Cheibriados
Dithmenos
Fedhas
Hepliaklqana
Kikubaaqudgha
Makhleb
Nemelex Xobeh
Okawaru
Qazlal
Ru
Sif Muna
Trog
Uskayaw
Vehumet
Wu Jian
Xom
Yredelemnul

Shops:
D:5 !   D:6 !


Innate Abilities, Weirdness & Mutations

You are surrounded by a mild repulsion field. (EV +2)
You may rarely emit foul miasma when damaged in melee.
You sometimes gain a little power by taking damage.
Your touch may inflict minor irresistible damage on your foes.


Message History

The centaur shoots an arrow.
The arrow hits you.
The wight throws a stone.
The stone closely misses you.
You feel sick.
The wight throws a stone.
The stone hits you but does no damage.
You feel sick.
Things that are here:
a +3 long sword; a +0 robe You feel sick.
You feel sick.
Throw: 41 stones
Press: ? - help, Q - select action, (/) - cycle Shift-Dir - straight line, f - black bear
Aim: a black bear (70% to hit)
You throw a stone.
The stone hits the black bear but does no damage.
You feel sick.
An orc comes into view. It is wielding a +0 dagger.
You hit the black bear.
You touch the black bear!
The black bear is heavily wounded.
You feel sick.
You are no longer poisoned.
The black bear bites you. The black bear barely misses you.
The black bear closely misses you.
You puncture the black bear!
The black bear is almost dead.
You hit the black bear.
You kill the black bear!
You barely miss the orc warrior.
You touch the orc warrior!
The orc warrior is moderately wounded.
You puncture the orc warrior!
The orc warrior is heavily wounded.
The orc warrior closely misses you.
You hit the orc warrior.
The orc warrior is severely wounded.
The orc warrior hits you with a +1 flail of holy wrath!
You focus on the pain.
You feel very mighty all of a sudden.
You convulse!!
* * * LOW HITPOINT WARNING * * *
It was a potion of haste.
You feel yourself speed up.
The orc warrior hits you with a +1 flail of holy wrath!
You die...

~~~ #.P~~P...............
~♣.. #..~~......##......#
.~P.. #...~..............#
.P..P#####..................#
............................#
#.........................#
#.........................#
.##....##.########.........#
..........zco@..))..........+
.....##.##o########.........#
...........# #...###....
.###....o..# ##### ...
#####.z.#... . #.c........
#.†........ #..........#
...........#


You could see an orc warrior, a centaur, a wight and an orc.

Vanquished Creatures
  2 water moccasins
  An orc warrior (D:6)
  4 black bears
  An ice beast (D:6)
  An ogre (D:5)
  A phantom (D:5)
  A bullfrog (D:4)
  2 scorpions
  14 wights
  4 killer bees (D:5)
  A howler monkey (D:6)
  A human zombie (D:4)
  A hound (D:4)
  A jelly (D:5)
  5 orc priests (D:6)
  Jessica (D:3)
  2 iguanas
  A scorpion zombie (D:4)
  2 orc wizards (D:6)
  A hound zombie (D:4)
  A mummy (D:4)
  9 adders
  2 ufetubi (D:5)
  3 adder zombies (D:4)
  2 worms (D:3)
  A dart slug (D:1)
  14 orcs
  7 endoplasms
  2 giant cockroaches
  8 hobgoblins
  A quokka (D:2)
  9 ball pythons
  7 bats
  3 frilled lizards
  6 goblins
  11 kobolds
  4 rats
137 creatures vanquished.

Notes
Turn   | Place    | Note
-------+----------+-------------------------------------------
     0 | D:1      | IdlyInterested the Demonspawn Gladiator began the quest for
                  | the Orb.
     0 | D:1      | Reached XP level 1. HP: 16/16 MP: 1/1
   183 | D:1      | Reached skill level 1 in Short Blades
   183 | D:1      | Gained mutation: Your touch may inflict minor irresistible
                  | damage on your foes. [demonic ancestry]
   183 | D:1      | Reached XP level 2. HP: 9/22 MP: 2/2
   836 | D:2      | Gained mutation: You may rarely emit foul miasma when
                  | damaged in melee. [demonic ancestry]
   836 | D:2      | Reached XP level 3. HP: 27/28 MP: 3/3
  1075 | D:2      | Reached skill level 2 in Short Blades
  1691 | D:3      | Reached XP level 4. HP: 24/34 MP: 4/4
  1801 | D:3      | Found an iron altar of Okawaru.
  2185 | D:3      | Noticed Jessica
  2197 | D:3      | Killed Jessica
  2227 | D:3      | Found a shimmering blue altar of Sif Muna.
  2230 | D:3      | Found a sacrificial altar of Ru.
  2332 | D:4      | Reached skill level 3 in Short Blades
  2332 | D:4      | Reached XP level 5. HP: 38/41 MP: 5/5
  2743 | D:4      | Reached skill level 4 in Short Blades
  2743 | D:4      | Reached XP level 6. HP: 43/47 MP: 6/6
  2873 | D:4      | Found a staircase to the Ecumenical Temple.
  2892 | Temple   | Entered the Ecumenical Temple
  3188 | D:4      | Reached skill level 5 in Short Blades
  3188 | D:4      | Reached XP level 7. HP: 40/51 MP: 7/7
  3216 | D:4      | Found a basalt altar of Yredelemnul.
  3772 | D:5      | Entered Level 5 of the Dungeon
  3964 | D:5      | Reached skill level 1 in Armour
  3964 | D:5      | Reached skill level 5 in Unarmed Combat
  3966 | D:5      | Found Lezaur's Distillery.
  3972 | D:5      | Reached skill level 6 in Short Blades
  3998 | D:5      | Reached skill level 1 in Stealth
  3998 | D:5      | Gained mutation: You sometimes gain a little power by
                  | taking damage. [demonic ancestry]
  3998 | D:5      | Reached XP level 8. HP: 26/55 MP: 8/8
  4164 | D:5      | Reached skill level 1 in Evocations
  4413 | D:5      | Reached skill level 7 in Short Blades
  4413 | D:5      | Reached skill level 1 in Shapeshifting
  4495 | D:5      | Found a shadowy altar of Dithmenos.
  4934 | D:5      | Bought a potion of degeneration for 13 gold pieces
  5186 | D:6      | Found Wellaagg's Distillery.
  5441 | D:6      | Gained mutation: You are surrounded by a mild repulsion
                  | field. (EV +2) [demonic ancestry]
  5441 | D:6      | Reached XP level 9. HP: 60/63 MP: 9/9
  5517 | D:6      | Reached skill level 8 in Short Blades
  5944 | D:6      | Identified the +0 cloak of the Tick {rF+ Regen+}
  6012 | D:6      | Identified the +5 ring mail of the Sea {Will+ SInv}
  6464 | D:7      | Slain by an orc warrior

Illustrated notes

Levels and vault maps discovered:
D:1:      lemuel_arrival_muddy, layout_basic
D:2:      layout_basic
D:3:      layout_loops_ring, general_overflow_altar,
          chequers_temple_overflow_statue_of_worship, uniq_jessica
D:4:      layout_layer_cave, lemuel_mausoleum_altar_yredelemnul,
          minmay_temple_entry_sparse_star, nrook_mini_backslash
D:5:      layout_rooms, nicolae_dithmenos_the_darkroom, serial_shops, shop,
          kennysheep_boxes
D:6:      layout_loops_ring, serial_shops, nicolae_stop_n_shop_1,
          minmay_crystal_water
D:7:      layout_basic, serial_bayou, serial_bayou_pond_d, serial_bayou_shore_a,
          serial_bayou_shore_b, serial_bayou_pond_a
Temple:   nicolae_temple_x_marks_the_god

Skill      XL: |  1  2  3  4  5  6  7  8  9 |
---------------+----------------------------+-----
Short Blades   | 1 2 3 4 5 6 7 8 |  8.6
Unarmed Combat | 3 4 5 6 |  6.6
Fighting       | 3 |  3.0
Throwing       | 2 |  2.0
Dodging        | 3 |  3.0
Armour         | 1 |  1.4
Stealth        | 1 |  1.0
Evocations     | 1 |  1.0
Shapeshifting  | 2 3 |  3.0

Action                     |  1- 3 |  4- 6 |  7- 9 || total
---------------------------+-------+-------+-------++-------
  Melee: Short sword       |   142 |    71 |   255 ||   468
         Unarmed           |    10 |       |       ||    10
         Touch             |    20 |    24 |    58 ||   102
         Punch             |     4 |     3 |     8 ||    15
         Dagger            |       |    20 |       ||    20
  Throw: Stone             |       |       |    24 ||    24
    Use: Potion            |     3 |     1 |     6 ||    10
         Scroll            |     3 |     1 |     3 ||     7
 Armour: Ring mail         |    49 |       |    29 ||    78
         Leather armour    |    10 |       |     2 ||    12
         Plate armour      |    52 |    76 |   175 ||   303
  Dodge: Dodged            |    86 |    18 |    58 ||   162

Table legend: (Time is in decaauts)
 A = Elapsed time spent in this place.
 B = Non-inter-level travel time spent in this place.
 C = Inter-level travel time spent in this place.
 D = Time resting spent in this place.
 E = Time spent auto-exploring this place.
 F = Levels seen in this place.
 G = Mean time per level.
                   A        B        C        D        E       F      G
               +--------+--------+--------+--------+--------+-----+--------+
         Total |   6391 |   6099 |    292 |   1411 |   3378 |   8 |  798.9 |
       Dungeon |   6389 |   6097 |    292 |   1411 |   3378 |   7 |  912.7 |
        Temple |      1 |      1 |      0 |      0 |      0 |   1 |    1.0 |
               +--------+--------+--------+--------+--------+-----+--------+

Top non-repeatable levels by time:
     D:4: 1420 daAuts
     D:6: 1328 daAuts
     D:5: 1198 daAuts
     D:2: 874 daAuts
     D:1: 748 daAuts
     D:3: 704 daAuts
     D:7: 114 daAuts
  Temple: 1 daAuts
